 Dungeon Crawl Stone Soup version 0.27-a0-1290-g15d3ce7508 (webtiles) character file.

Game seed: 204867986938001334

20819 Glokmah the Covert (level 12, -1/89 HPs)
             Began as a Demonspawn Earth Elementalist on June 15, 2021.
             Was an Elder of Dithmenos.
             Slain by a four-headed hydra (8 damage)
             ... on level 2 of the Lair of Beasts.
             The game lasted 00:43:34 (17227 turns).

Glokmah the Covert (Demonspawn Earth Elementalist) Turns: 17227, Time: 00:43:34

Health: -1/89      AC: 11    Str: 11    XL:     12   Next: 48%
Magic:  3/21       EV: 13    Int: 23    God:    Dithmenos [****..]
Gold:   795        SH:  0    Dex: 12    Spells: 6/23 levels left

rFire    + . .     SeeInvis +   a - +4 dagger (freeze)
rCold    + + .     Faith    +   (no shield)
rNeg     . . .     Spirit   .   w - +1 leather armour "Noomp" {rC+ rCorr Dex-4 Slay+2}
rPois    +         Reflect  .   j - +1 helmet
rElec    .         Harm     .   A - +1 cloak
rCorr    +         Rampage  .   (no gloves)
Will     .....                  (boots unavailable)
Stlth    +++++.....             d - amulet of the Endless Expanse {Faith rPois rF+ rC+ SInv}
HPRegen  0.24/turn              I - +6 ring of intelligence
MPRegen  0.17/turn              M - ring of wizardry

@: mighty, about to teleport, marked, wreathed by umbra
A: talons 3, yellow scales 2, spiny 2, demonic magic 2
a: Renounce Religion, Shadow Step


You were on level 2 of the Lair of Beasts.
You worshipped Dithmenos.
Dithmenos was greatly pleased with you.
You visited 2 branches of the dungeon, and saw 12 of its levels.

You collected 795 gold pieces.

Inventory:

Hand Weapons
 a - a +4 dagger of freezing (weapon)
 b - a +1 rapier of electrocution
 c - a +5 dagger
 N - a +1 short sword of speed
Missiles
 e - 49 poisoned darts
 h - 6 atropa-tipped darts
 m - 4 throwing nets
 p - 5 boomerangs of dispersal
 r - 12 boomerangs
 y - 10 javelins
 D - 257 stones
 S - a curare-tipped dart
Armour
 j - a +1 helmet (worn)
 w - the +1 leather armour "Noomp" (worn) {rC+ rCorr Dex-4 Slay+2}
   (You found it on level 1 of the Lair of Beasts)

   It affects your dexterity (-4).
   It affects your accuracy and damage with ranged weapons and melee attacks
   (+2).
   It protects you from cold.
   It protects you from acid and corrosion.
 A - a +1 cloak (worn)
Jewellery
 d - the amulet of the Endless Expanse (around neck) {Faith rPois rF+ rC+ SInv}
   (You found it on level 1 of the Lair of Beasts)

   [amulet of faith]

   It allows you to gain divine favour quickly.
   It protects you from fire.
   It protects you from cold.
   It protects you from poison.
   It lets you see invisible.
 k - an amulet of regeneration
 I - a +6 ring of intelligence (left hand)
 M - a ring of wizardry (right hand)
 P - a ring of ice
Wands
 g - a wand of flame (21)
 t - a wand of polymorph (4)
 G - a wand of mindburst (14)
 J - a wand of acid (10)
 K - a wand of iceblast (13)
 O - a wand of digging (14)
Scrolls
 i - a scroll of summoning
 o - a scroll of immolation
 v - a scroll of fog
 x - a scroll of blinking
 C - a scroll of noise
 E - a scroll of identify
Potions
 f - 5 potions of might
 l - 5 potions of flight
 n - 2 potions of resistance
 q - 2 potions of lignification
 s - 4 potions of mutation
 u - 5 potions of attraction
 B - 2 potions of cancellation
 H - 2 potions of haste
Miscellaneous
 L - a phial of floods
 Q - a box of beasts


   Skills:
 + Level 6.5 Fighting
 * Level 8.2 Short Blades
 + Level 3.4 Armour
 - Level 5.0 Dodging
 * Level 9.2 Stealth
 + Level 6.3 Spellcasting
 - Level 4.0 Conjurations
 - Level 2.0 Translocations
 + Level 6.0 Transmutations
 * Level 9.1 Earth Magic
 + Level 1.5 Invocations


You had 6 spell levels left.
You knew the following spells:

 Your Spells              Type           Power      Damage    Failure   Level
a - Sandblast             Erth           98%        2d20      1%          1
b - Passwall              Tmut/Erth      35%        N/A       1%          2
c - Stone Arrow           Conj/Erth      74%        3d11      1%          3
d - Petrify               Tmut/Erth      42%        N/A       1%          4
e - Blink                 Tloc           N/A        N/A       2%          2
f - Lee's Rapid Deconstr  Erth           24%        3d14*     2%          5

Your spell library contained the following spells:

 Spells                   Type           Power      Damage    Failure   Level
 Beastly Appendage        Tmut           68%        N/A       1%          1
 Magic Dart               Conj           100%       1d8       1%          1
 Wereblood                Tmut           34%        N/A       1%          2
 Spider Form              Tmut/Pois      10%        N/A       3%          3
 Corona                   Hex            7%         N/A       4%          1
 Call Imp                 Summ           7%         N/A       6%          2
 Slow                     Hex            7%         N/A       6%          2
 Conjure Flame            Conj/Fire      16%        6-21      6%          3
 Leda's Liquefaction      Hex/Erth       14%        N/A       6%          4
 Mephitic Cloud           Conj/Pois/Air  13%        N/A       8%          3
 Portal Projectile        Hex/Tloc       22%        N/A       9%          3
 Inner Flame              Hex/Fire       7%         N/A       12%         3
 Ice Form                 Ice/Tmut       21%        N/A       12%         4
 Cause Fear               Hex            3%         N/A       38%         4


Dungeon Overview and Level Annotations

Branches:
Dungeon (10/15)            Temple (0/1) D:4            Lair (2/6) D:10
    Orc (0/2) D:9
  Swamp: Lair:2-4    Shoals: Lair:2-4     Snake: Lair:2-4    Spider: Lair:2-4

Altars:
Cheibriados
Dithmenos
Elyvilon
Hepliaklqana
Makhleb
Nemelex Xobeh
Okawaru
Trog
Wu Jian
Yredelemnul

Shops:
D:2 [   D:8 *   D:9 [(

Annotations:
D:9 3 runed translucent doors


Innate Abilities, Weirdness & Mutations

You have claws for feet.
You are mostly covered in yellow scales. (AC +3)
You are mostly covered in sharp spines.
Spells you cast may paralyse nearby enemies.


Message History

Your shadow now sometimes tangibly mimics your actions.
Your Transmutations skill increases to level 6!
y - 10 javelins (gained 7)
O - a wand of digging (14) (gained 4 charges)
Things that are here:
a +2 double sword; a +0 chain mail; the orc corpse of Urug A boulder beetle comes into view.
As you read the scroll of teleportation, it crumbles to dust.
You feel strangely unstable.
The boulder beetle curls into a ball and begins rolling!
You enter the shallow water.
Moving in this stuff is going to be slow.
Your surroundings suddenly seem different.
You start resting.
A boulder beetle is nearby!
Okay, then.
Casting: Sandblast (safe; 1% risk of failure)
Confirm with . or Enter, or press ? or * to list all spells.
You blink.
Malevolent energies surge around you.
A cane toad comes into view.
The boulder beetle stops rolling and uncurls.
Unknown command.
As you read the scroll of teleportation, it crumbles to dust.
You feel strangely unstable. The cane toad stings you!
* * * LOW HITPOINT WARNING * * *
You are poisoned.
The cane toad poisons you!
The boulder beetle curls into a ball and begins rolling!
The cane toad stings you.
* * * LOW HITPOINT WARNING * * *
Okay, then.
You feel better.
The four-headed hydra is struck by your spines.
The four-headed hydra bites you.
* * * LOW HITPOINT WARNING * * *
The four-headed hydra bites you but does no damage.
The four-headed hydra bites you.
* * * LOW HITPOINT WARNING * * *
The four-headed hydra bites you!
You die...

.. #...## ##........
####..... ##........#
#....#.##
##.........##≈#..######
##..........##≈##.##
##...........#≈≈#..†#
#.............≈≈≈...#
#.......DF....≈≈≈..##
##....B..@....≈≈≈...#
#...........≈..≈≈.≈.#
#...........≈.≈.≈≈≈.#
####
####.........≈≈.≈≈..#
#...
#.#.#.....≈.≈≈...###...
#####..#....≈≈≈...#....
#####.≈.≈≈..##.....
....≈≈..##.....
#..≈≈.≈..#.....


You could see a boulder beetle (rolling), a four-headed hydra and a cane toad.

Vanquished Creatures
  Harold (D:9)
  A hydra (Lair:2)
  Erica (D:9)
  A centaur warrior (D:9)
  Urug (Lair:2)
  A deep elf pyromancer (D:9)
  2 cyclopes (D:9)
  Joseph (D:9)
  6 elephants
  A black mamba (Lair:2)
  Maggie (D:6)
  2 cane toads (Lair:1)
  4 komodo dragons
  An unseen horror (D:10)
  Psyche (D:8)
  A kobold demonologist (D:10)
  2 trolls
  A meliai (D:9)
  Prince Ribbit (D:6)
  4 blink frogs (Lair:1)
  Grinder (D:5)
  A wyvern (D:10)
  A vampire (D:8)
  18 yaks
  2 basilisks (Lair:1)
  A steam dragon (shapeshifter) (D:9)
  4 water moccasins
  Duvessa (D:6)
  An acid dragon (D:5)
  A hornet zombie (D:6)
  6 orc warriors
  2 sky beasts
  2 black bears
  3 necrophages
  7 wolves
  2 ogres
  4 centaurs
  A kobold brigand (D:10)
  8 bullfrogs
  A wyvern zombie (D:8)
  4 scorpions
  Dowan (D:6)
  A wyvern skeleton (D:7)
  A gnoll sergeant (D:9)
  A water moccasin skeleton (D:4)
  6 killer bees (D:10)
  18 wights
  2 howler monkeys
  3 electric eels
  A bullfrog zombie (D:6)
  Crazy Yiuf (D:5)
  A bullfrog skeleton (D:5)
  6 hounds
  A jelly (D:6)
  5 orc priests
  Terence (D:3)
  2 iguanas
  7 orc wizards
  A gnoll shaman (D:8)
  10 gnolls
  6 adders
  A worm (D:6)
  A dart slug (D:1)
  28 orcs
  5 endoplasms
  5 giant cockroaches
  5 goblins
  7 hobgoblins
  7 jackals
  2 quokkas
  7 ball pythons
  6 bats
  2 frilled lizards
  5 kobolds
  5 rats
266 creatures vanquished.

Vanquished Creatures (others)
  6 fungi
  5 plants
11 creatures vanquished.

Grand Total: 277 creatures vanquished

Notes
Turn   | Place    | Note
-------+----------+-------------------------------------------
     0 | D:1      | Glokmah the Demonspawn Earth Elementalist began the quest
                  | for the Orb.
     0 | D:1      | Reached XP level 1. HP: 13/13 MP: 3/3
   364 | D:1      | Reached skill level 1 in Transmutations
   500 | D:1      | Gained mutation: You are partially covered in yellow
                  | scales. (AC +2) [demonic ancestry]
   500 | D:1      | Reached XP level 2. HP: 20/20 MP: 3/5
   816 | D:1      | Learned a level 2 spell: Passwall
  1148 | D:2      | Gained mutation: You have sharp toenails. [demonic
                  | ancestry]
  1148 | D:2      | Reached XP level 3. HP: 22/25 MP: 3/6
  1212 | D:2      | Learned a level 3 spell: Stone Arrow
  1457 | D:2      | Reached skill level 1 in Fighting
  1541 | D:2      | Found a faded altar of an unknown god.
  1944 | D:2      | Found Yxud's Armour Shop.
  2048 | D:2      | Gained mutation: You have razor-sharp toenails. [demonic
                  | ancestry]
  2048 | D:2      | Reached XP level 4. HP: 32/32 MP: 4/7
  2404 | D:3      | Found a bloodstained altar of Trog.
  3024 | D:3      | Noticed Terence
  3294 | D:3      | Reached skill level 1 in Conjurations
  4151 | D:4      | Gained mutation: Spells you cast may paralyse adjacent
                  | enemies. [demonic ancestry]
  4151 | D:4      | Reached XP level 5. HP: 31/37 MP: 4/8
  4227 | D:4      | Found a hazy altar of Hepliaklqana.
  4227 | D:4      | Found a shadowy altar of Dithmenos.
  4229 | D:4      | Noticed a shadow
  4235 | D:4      | Became a worshipper of Dithmenos the Shadowed
  4329 | D:4      | Found a staircase to the Ecumenical Temple.
  4741 | D:3      | Killed Terence
  4995 | D:5      | Entered Level 5 of the Dungeon
  5087 | D:5      | Found a basalt altar of Yredelemnul.
  5318 | D:5      | Noticed a necrophage
  5393 | D:5      | Killed a necrophage
  5394 | D:5      | Reached skill level 1 in Short Blades
  5394 | D:5      | Gained mutation: You have claws for feet. [demonic
                  | ancestry]
  5394 | D:5      | Reached XP level 6. HP: 41/44 MP: 6/10
  5443 | D:5      | Found a sparkling altar of Nemelex Xobeh.
  5500 | D:5      | Noticed Grinder
  5807 | D:5      | Paralysed by Grinder for 5 turns
  5813 | D:5      | Killed Grinder
  5814 | D:5      | Gained mutation: You are partially covered in sharp spines.
                  | [demonic ancestry]
  5814 | D:5      | Reached XP level 7. HP: 12/50 MP: 2/11
  6447 | D:5      | Found a runed translucent door.
  6448 | D:5      | Noticed Crazy Yiuf
  6453 | D:5      | Killed Crazy Yiuf
  6638 | D:6      | Reached XP level 8. HP: 54/57 MP: 12/12
  6696 | D:6      | Reached * piety under Dithmenos
  6739 | D:6      | Noticed Maggie
  6754 | D:6      | Killed Maggie
  6755 | D:6      | Reached skill level 5 in Earth Magic
  7079 | D:6      | Noticed Duvessa
  7079 | D:6      | Noticed Dowan
  7150 | D:6      | Killed Duvessa
  7250 | D:6      | Killed Dowan
  7271 | D:6      | Learned a level 4 spell: Petrify
  7356 | D:6      | Gained mutation: You are mostly covered in sharp spines.
                  | [demonic ancestry]
  7356 | D:6      | Reached XP level 9. HP: 52/64 MP: 9/14
  7450 | D:6      | Found a snail-covered altar of Cheibriados.
  7904 | D:6      | Noticed Prince Ribbit
  7912 | D:6      | Killed Prince Ribbit
  8097 | D:6      | Reached skill level 5 in Stealth
  8665 | D:7      | Reached ** piety under Dithmenos
  9059 | D:7      | Reached skill level 5 in Short Blades
  9173 | D:7      | Found an iron altar of Okawaru.
  9271 | D:7      | Found a burning altar of Makhleb.
  9611 | D:8      | Found Ytoepap's Changing Room.
  9673 | D:8      | Reached XP level 10. HP: 60/72 MP: 13/16
  9830 | D:8      | Noticed Psyche
  9840 | D:8      | Killed Psyche
 10037 | D:8      | Found an ornate altar of the Wu Jian Council.
 10459 | D:9      | Found Iqelle's Armour Shop.
 10459 | D:9      | Found a staircase to the Orcish Mines.
 10460 | D:9      | Found Tocetemu's Weapon Shop.
 10560 | D:9      | Reached *** piety under Dithmenos
 10855 | D:9      | Learned a level 2 spell: Blink
 10861 | D:9      | Learned a level 5 spell: Lee's Rapid Deconstruction
 11057 | D:9      | Found a runed translucent door.
 11057 | D:9      | Noticed a cyclops
 11057 | D:9      | Noticed a cyclops
 11058 | D:9      | Found a runed translucent door.
 11169 | D:9      | Found a runed translucent door.
 11230 | D:9      | Reached skill level 5 in Spellcasting
 11340 | D:9      | Noticed a guardian serpent
 11351 | D:9      | Noticed a rakshasa
 11356 | D:9      | Noticed a deep elf pyromancer
 11404 | D:9      | Identified the +2 hand axe "Xeipogol" {vorpal, Dex+3}
 11404 | D:9      | Noticed a centaur warrior
 11415 | D:9      | Killed a centaur warrior
 11416 | D:9      | Reached skill level 5 in Dodging
 11416 | D:9      | Noticed a deep elf pyromancer
 11421 | D:9      | Noticed a water nymph
 11435 | D:9      | Killed a deep elf pyromancer
 11436 | D:9      | Reached skill level 5 in Fighting
 11472 | D:9      | Noticed Harold
 11488 | D:9      | Noticed a cyclops
 11491 | D:9      | Noticed Joseph
 11492 | D:9      | Killed Harold
 11493 | D:9      | Gained mutation: Spells you cast may paralyse nearby
                  | enemies. [demonic ancestry]
 11493 | D:9      | Reached XP level 11. HP: 18/79 MP: 0/18
 11887 | D:9      | Noticed Erica
 11890 | D:9      | Killed Erica
 11891 | D:9      | Reached skill level 1 in Armour
 11891 | D:9      | Reached skill level 5 in Transmutations
 11973 | D:9      | Killed Joseph
 13074 | D:9      | Noticed an eleionoma
 13420 | D:9      | Noticed a great orb of eyes
 13473 | D:10     | Entered Level 10 of the Dungeon
 13866 | D:10     | Found a staircase to the Lair.
 13889 | D:10     | Reached **** piety under Dithmenos
 14858 | Lair:1   | Entered Level 1 of the Lair of Beasts
 14871 | Lair:1   | Identified the amulet of the Endless Expanse {Faith rPois
                  | rF+ rC+ SInv}
 14926 | Lair:1   | Reached skill level 1 in Translocations
 15397 | Lair:1   | Gained mutation: You are mostly covered in yellow scales.
                  | (AC +3) [demonic ancestry]
 15397 | Lair:1   | Reached XP level 12. HP: 70/88 MP: 4/21
 15992 | Lair:1   | Identified the +1 leather armour "Noomp" {rC+ rCorr Dex-4
                  | Slay+2}
 16410 | Lair:2   | Noticed a four-headed hydra
 16692 | Lair:2   | Noticed a six-headed hydra
 16697 | Lair:2   | Killed a six-headed hydra
 16996 | Lair:2   | Reached skill level 1 in Invocations
 17161 | Lair:2   | Noticed Urug
 17202 | Lair:2   | Killed Urug
 17210 | Lair:2   | Noticed a boulder beetle
 17227 | Lair:2   | Slain by a four-headed hydra

Illustrated notes

Levels and vault maps discovered:
D:1:      dpeg_arrival_solitude, layout_basic, feat_on_display
D:2:      layout_loops_corners, serial_shops, shop,
          ebering_ecumenical_altar_mist, minmay_misc_feat_more_columns,
          dk_noncrumbling_3
D:3:      layout_basic, lemuel_crystal_altar, minmay_goblin_kobold_house,
          uniq_terence
D:4:      layout_basic, riverfiend_overflow_shadow_ancestor, temple_statues,
          minmay_ruptured
D:5:      layout_cave_pools, yredelemnul_altar_generic,
          nemelex_xobeh_ov_fountains_minmay, uniq_crazy_yiuf_cottage,
          uniq_grinder
D:6:      layout_basic, cheibrodos_worm_habitat, minmay_starry_boxes,
          uniq_duvessa, uniq_prince_ribbit1, uniq_maggie
D:7:      layout_cave_pools, overflow_temple_1_default, kennysheep_mini,
          okawaru_trees_1
D:8:      layout_rooms, nzn_wu_jian_contemplation, nicolae_transmutations_shop,
          nzn_life_drinkers, uniq_psyche
D:9:      minmay_the_grid_triangle_9x9_rhombus_thin_mashed
          [minmay_the_grid_triangle_9x9_limited_checkers,
          minmay_the_grid_triangle_9x9_prize_center,
          minmay_the_grid_triangle_9x9_fully_insulated_deathbox,
          minmay_the_grid_triangle_9x9_stretched_checkered],
          layout_loops_corners, orc_david_3, serial_co_window_serial,
          co_window_paths_a, co_window_of_opportunity_a, co_window_corner_a,
          co_window_of_opportunity_a, co_window_cross_1, co_window_corner_b,
          co_window_of_opportunity_b, co_window_corner_b, co_window_corner_ca,
          co_window_4corner_b, co_window_4corner_a, glass_columns_b,
          glass_columns_c, uniq_joseph, uniq_harold, uniq_erica
D:10:     layout_basic, erik_lair_island
Lair:1:   layout_gridlike, grunt_megastairs_1, lemuel_fruit_tree
Lair:2:   layout_cave_pods, serial_rivers, chequers_serial_rivers_large_a,
          chequers_serial_rivers_micro_e, chequers_serial_rivers_micro_b,
          chequers_serial_rivers_small_a, chequers_serial_rivers_small_b,
          chequers_serial_rivers_small_3, serial_bayou_shore_a, uniq_urug

Skill      XL: |  1  2  3  4  5  6  7  8  9 10 11 12 |
---------------+-------------------------------------+-----
Transmutations | 1 2 3 4 5 6 |  6.0
Dodging        | 2 3 4 5 |  5.0
Earth Magic    | 3 4 5 6 7 8 9 |  9.1
Fighting       | 1 2 3 4 5 6 |  6.5
Conjurations   | 1 2 3 4 |  4.0
Stealth        | 2 3 4 5 7 8 9 |  9.2
Short Blades   | 1 2 3 5 6 7 8 |  8.2
Spellcasting   | 3 4 5 6 |  6.3
Armour         | 2 3 |  3.4
Translocations | 1 2 |  2.0
Invocations    | 1 |  1.5

Action                   |  1- 3 |  4- 6 |  7- 9 | 10-12 || total
-------------------------+-------+-------+-------+-------++-------
Melee: Mace              |    27 |     3 |       |       ||    30
       Kick              |     2 |     9 |    10 |    32 ||    53
       Rapier            |       |    32 |    22 |       ||    54
       Dagger            |       |    15 |    28 |   203 ||   246
       Short sword       |       |       |    15 |       ||    15
 Cast: Sandblast         |    48 |    61 |   110 |    38 ||   257
       Stone Arrow       |       |    11 |    13 |    73 ||    97
       Petrify           |       |       |       |    24 ||    24
       Lee's Rapid Decon |       |       |       |    13 ||    13
       Blink             |       |       |       |     6 ||     6
       Passwall          |       |       |       |     1 ||     1
Invok: Shadow Step       |       |       |       |     1 ||     1
  Use: Scroll            |       |    15 |     9 |     5 ||    29
       Potion            |       |       |       |     5 ||     5
 Stab: Sleeping          |       |     1 |     8 |    15 ||    24
       Paralysed         |       |    24 |    31 |    32 ||    87
       Petrified         |       |       |       |    19 ||    19
Armor: Robe              |    14 |     4 |       |       ||    18
       Leather armour    |       |    14 |     6 |    37 ||    57
       Acid dragon scale |       |       |    10 |       ||    10
Dodge: Dodged            |    27 |    63 |    50 |   127 ||   267

Table legend: (Time is in decaauts)
 A = Elapsed time spent in this place.
 B = Non-inter-level travel time spent in this place.
 C = Inter-level travel time spent in this place.
 D = Time resting spent in this place.
 E = Time spent auto-exploring this place.
 F = Levels seen in this place.
 G = Mean time per level.
                   A        B        C        D        E       F      G
               +--------+--------+--------+--------+--------+-----+--------+
         Total |  17193 |  16123 |   1070 |   4387 |   8724 |  12 | 1432.8 |
       Dungeon |  15090 |  14082 |   1008 |   4042 |   7472 |  10 | 1509.0 |
          Lair |   2103 |   2041 |     62 |    345 |   1252 |   2 | 1051.5 |
               +--------+--------+--------+--------+--------+-----+--------+

Top non-repeatable levels by time:
     D:9: 2401 daAuts
     D:6: 1969 daAuts
    D:10: 1603 daAuts
     D:2: 1533 daAuts
     D:5: 1471 daAuts
     D:8: 1417 daAuts
  Lair:1: 1378 daAuts
     D:4: 1375 daAuts
     D:1: 1140 daAuts
     D:7: 1092 daAuts
     D:3: 1084 daAuts
  Lair:2: 724 daAuts
